 Dungeon Crawl Stone Soup version 0.26-a0-652-gafc20e3620 (webtiles) character file.

Game seed: 14946200943202408658

186 mattiecakes the Ruffian (level 5, -3/50 HPs)
             Began as a Troll Berserker on Oct 2, 2020.
             Was a Believer of Trog.
             Slain by a gnoll
             ... wielding a +0 whip
              (4 damage)
             ... on level 4 of the Dungeon.
             The game lasted 00:06:16 (2076 turns).

mattiecakes the Ruffian (Troll Berserker)           Turns: 2076, Time: 00:06:17

Health: -3/50      AC:  6    Str: 26    XL:     5   Next: 38%
Magic:  4/4        EV: 10    Int:  3    God:    Trog [**....]
Gold:   183        SH:  0    Dex:  9    Spells: 4/4 levels left

rFire    . . .     SeeInvis .     - Unarmed
rCold    . . .     Faith    .   (no shield)
rNeg     . . .     Spirit   .   a - +0 animal skin
rPois    .         Reflect  .   (helmet restricted)
rElec    .         Harm     .   (no cloak)
rCorr    .         Rampage  .   (gloves unavailable)
MR       .....                  (boots unavailable)
Stlth    +.........             (no amulet)
HPRegen  0.56/turn              (no ring)
MPRegen  0.09/turn              (no ring)

@: lethally poisoned (-3 -> -3), flying, hasted, very quick
A: large, unfitting armour, claws 3, regeneration 1, shaggy fur 1, tough skin 3
a: Berserk, Trog's Hand, Renounce Religion


You were on level 4 of the Dungeon.
You worshipped Trog.
Trog was pleased with you.
You visited 1 branch of the dungeon, and saw 4 of its levels.

You collected 183 gold pieces.

Inventory:

Armour
 a - a +0 animal skin (worn)
Jewellery
 f - an uncursed ring of fire {unknown}
 g - an uncursed amulet of reflection {unknown}
 k - an uncursed ring of fire {unknown}
 m - an uncursed ring of resist corrosion {unknown}
 t - a +4 ring of evasion {unknown}
Scrolls
 b - a scroll of amnesia {unknown}
 c - 2 scrolls of remove curse {unknown}
 d - 4 scrolls of teleportation {unknown}
 i - a scroll of blinking {unknown}
 l - 6 scrolls of identify {unknown}
 q - a scroll of fear {unknown}
 s - a scroll of immolation {unknown}
Potions
 e - a potion of flight
 h - a potion of haste
 j - a potion of cancellation {unknown}
 n - a potion of stabbing {unknown}
 o - a potion of invisibility {unknown}
 p - a potion of mutation {unknown}
 r - a potion of curing {unknown}


   Skills:
 - Level 2.4 Fighting
 - Level 2.4 Dodging
 + Level 6.2 Unarmed Combat


You had 4 spell levels left.
You didn't know any spells.
Your spell library was empty.

Dungeon Overview and Level Annotations

Branches:
Dungeon (4/15)
 Temple: D:4-7

Altars:
Gozag
Hepliaklqana
Makhleb
Nemelex Xobeh
Vehumet


Innate Abilities, Weirdness & Mutations

You are too large for most types of armour.
You have claws for hands.
Your natural rate of healing is unusually fast.
You are covered in fur. (AC +1)
You have extremely tough skin. (AC +3)


Message History

The gnoll hits you.
* * * LOW HITPOINT WARNING * * *
You climb upwards.
You feel sick.
There is a stone staircase leading down here.
The gnoll closely misses you.
The scorpion stings you but does no damage.
You climb downwards.
The gnoll hits you with a +0 whip.
* * * LOW HITPOINT WARNING * * *
The gnoll barely misses you. The gnoll closely misses you.
There is a stone staircase leading up here.
Unknown command.
It was a potion of flight.
You feel very buoyant.
You fly up into the air.
* * * LOW HITPOINT WARNING * * *
You feel sick. The gnoll closely misses you. The gnoll barely misses you.
The scorpion barely misses you. The gnoll hits you but does no damage.
It was a potion of haste.
You feel yourself speed up. The gnoll hits you with a +0 whip.
You die...

###### . ###########
###.....#.. .....#.....#
#........
............##.#...(. ..
.............#.....##...
...............g#g.....#
................@.......
.....a.........s...(....
............(.g......!..
o.o.<........†..........
.!...........##.........
######..##... ..?.......
...#..# #......... .....
##........ ..... #......


You could see a scorpion and 3 gnolls.

Vanquished Creatures
  An orc priest (D:3)
  2 worker ants (D:4)
  3 adders
  2 worms
  2 dart slugs
  4 leopard geckos
  8 orcs
  3 bats
  2 giant cockroaches
  7 goblins
  4 hobgoblins
  2 jackals
  6 kobolds
  A quokka (D:3)
  A ball python (D:2)
  6 frilled lizards
  10 rats
64 creatures vanquished.

Notes
Turn   | Place    | Note
-------+----------+-------------------------------------------
     0 | D:1      | mattiecakes the Troll Berserker began the quest for the
                  | Orb.
     0 | D:1      | Reached XP level 1. HP: 22/22 MP: 0/0
   165 | D:1      | Reached XP level 2. HP: 27/29 MP: 1/1
   567 | D:2      | Reached skill level 4 in Unarmed Combat
   603 | D:2      | Reached XP level 3. HP: 36/36 MP: 2/2
   643 | D:2      | You fall into a shaft and drop 2 floors!
   762 | D:3      | Found a sparkling altar of Nemelex Xobeh.
   766 | D:3      | Found a radiant altar of Vehumet.
   766 | D:3      | Found a burning altar of Makhleb.
   766 | D:3      | Found a hazy altar of Hepliaklqana.
   915 | D:3      | Reached XP level 4. HP: 44/44 MP: 3/3
   949 | D:3      | Reached ** piety under Trog
   956 | D:3      | Reached skill level 5 in Unarmed Combat
  1331 | D:3      | Reached XP level 5. HP: 33/50 MP: 4/4
  1694 | D:2      | Found an opulent altar of Gozag.
  2057 | D:4      | Reached skill level 6 in Unarmed Combat
  2074 | D:4      | HP: 1/50 [gnoll/+0 whip (3)]
  2076 | D:4      | Slain by a gnoll

Illustrated notes

Levels and vault maps discovered:
D:1:      saegor_arrival_simple_c, layout_loops_cross
D:2:      layout_basic, grunt_gozag_statues
D:3:      layout_loops_ring, grunt_temple_overflow_open
D:4:      layout_rooms

Skill      XL: |  1  2  3  4  5 |
---------------+----------------+-----
Unarmed Combat | 4 5 6 |  6.2
Fighting       | |  2.4
Dodging        | |  2.4

Action                   |  1- 3 |  4- 6 || total
-------------------------+-------+-------++-------
Melee: Unarmed           |    93 |    66 ||   159
       Punch             |     1 |     1 ||     2
  Use: Potion            |       |     2 ||     2
Armor: Animal skin       |    43 |    38 ||    81
Dodge: Dodged            |    52 |    51 ||   103

Table legend: (Time is in decaauts)
 A = Elapsed time spent in this place.
 B = Non-inter-level travel time spent in this place.
 C = Inter-level travel time spent in this place.
 D = Time resting spent in this place.
 E = Time spent auto-exploring this place.
 F = Levels seen in this place.
 G = Mean time per level.
                   A        B        C        D        E       F      G
               +--------+--------+--------+--------+--------+-----+--------+
         Total |   2066 |   1920 |    146 |     43 |   1537 |   4 |  516.5 |
       Dungeon |   2066 |   1920 |    146 |     43 |   1537 |   4 |  516.5 |
               +--------+--------+--------+--------+--------+-----+--------+

Top non-repeatable levels by time:
     D:3: 766 daAuts
     D:2: 720 daAuts
     D:1: 536 daAuts
     D:4: 42 daAuts
